 Dungeon Crawl Stone Soup version 0.31.0-11-ge490571c62 (webtiles) character file.

Game seed: 2489216650742785124

95 qw the Shooter (level 4, -2/25 HPs)
             Began as a Deep Elf Hunter on Feb 4, 2024.
             Slain by a gnoll
             ... wielding a +0 club
              (3 damage)
             ... on level 4 of the Dungeon.
             The game lasted 00:00:31 (796 turns).

qw the Shooter (Deep Elf Hunter)                     Turns: 796, Time: 00:00:32

Health: -2/25      AC:  6    Str: 10    XL:     4   Next: 39%
Magic:  6/6        EV: 11    Int: 14    God:
Gold:   5          SH:  0    Dex: 18    Spells: 3/3 levels left

rFire   . . .        a - +0 shortbow
rCold   . . .        (shield currently unavailable)
rNeg    . . .        d - +0 ring mail
rPois   .            (no helmet)
rElec   .            e - +0 cloak
rCorr   .            (no gloves)
SInv    .            (no boots)
Will    .....        (no amulet)
Stlth   +            (no ring)
HPRegen 0.24/turn    (no ring)
MPRegen 0.10/turn

%: no passive effects
@: no status effects
A: no striking features
a: no special abilities


You were on level 4 of the Dungeon.
You visited 1 branch of the dungeon, and saw 3 of its levels.

You collected 29 gold pieces.
You spent 24 gold pieces at shops.


   Skills:
 - Level 1.5 Fighting
 + Level 7.8 Ranged Weapons
 - Level 2.4 Dodging
 - Level 1.2 Stealth


You had 3 spell levels left.
You didn't know any spells.
Your spell library was empty.

Inventory:

Hand Weapons
 a - a +0 shortbow (weapon)
Armour
 d - a +0 ring mail (worn)
 e - a +0 cloak (worn)
Jewellery
 c - an amulet of regeneration
Scrolls
 b - a scroll of identify
 f - a scroll of fear {unknown}
Potions
 j - a potion of curing {unknown}

Dungeon Overview and Level Annotations

Branches:
Dungeon (2/15)

Altars:

Shops:
D:4 ?


Message History

Found an escape hatch in the floor.
The kobold shouts!
You hear a shout!
A gnoll comes into view. It is wielding a +0 spear.
You shoot an arrow. The arrow barely misses the kobold.
The gnoll shouts!
You shoot an arrow. The arrow closely misses the kobold.
A gnoll comes into view. It is wielding a +0 club.
You shoot an arrow. The arrow barely misses the kobold.
The gnoll shouts!
A hobgoblin comes into view.
You shoot an arrow. The arrow closely misses the kobold.
A gnoll comes into view. It is wielding a +0 halberd.
The gnoll moves out of view.
You shoot an arrow. The arrow barely misses the kobold.
The kobold hits you but does no damage.
You shoot an arrow. The arrow hits the kobold!
You kill the kobold!
The gnoll barely misses you.
You shoot an arrow. The arrow barely misses the gnoll.
The gnoll hits you from afar with a +0 spear.
The gnoll hits you from afar with a +0 spear!
You shoot an arrow. The arrow hits the gnoll.
The gnoll is lightly wounded.
The gnoll hits you from afar with a +0 spear.
You shoot an arrow.
The arrow hits the gnoll but does no damage.
The gnoll is lightly wounded.
The gnoll hits you from afar with a +0 spear.
You shoot an arrow. The arrow barely misses the gnoll.
The gnoll completely misses you.
The gnoll hits you from afar with a +0 spear.
You shoot an arrow. The arrow hits the gnoll!
The gnoll is heavily wounded.
The gnoll hits you with a +0 club. The gnoll barely misses you.
The gnoll closely misses you.
You shoot an arrow. The arrow hits the gnoll.
The gnoll is heavily wounded.
The gnoll hits you from afar with a +0 spear!
The gnoll hits you with a +0 club.
You die...

#.........## #
#..........##
.##............
.............
#.........# #.........#
#.........# #..g@.....#
###gg##.....#
#.......#############
.....##....<...#.....
##.............#....
>..............#...
..........(....#..
..............#.#######
..............#.#.....#


You could see 3 gnolls.

Vanquished Creatures
  A scorpion (D:4)
  A dart slug (D:1)
  4 bats
  2 endoplasms (D:1)
  4 goblins
  4 hobgoblins (D:1)
  8 kobolds
  2 quokkas
  3 ball pythons (D:1)
  A frilled lizard (D:1)
  A rat (D:1)
31 creatures vanquished.

Notes
Turn   | Place    | Note
-------+----------+-------------------------------------------
     0 | D:1      | qw the Deep Elf Hunter began the quest for the Orb.
     0 | D:1      | Reached XP level 1. HP: 12/12 MP: 3/3
     0 | D:1      | 0 ||| qw: Version: 0.3-a-160-g6735b56
     0 | D:1      | 0 ||| qw: Game counter: 4815
     0 | D:1      | 0 ||| qw: Melee chars always use a shield: true
     0 | D:1      | 0 ||| qw: God list: Okawaru
     0 | D:1      | 0 ||| qw: Allow faded altars: false
     0 | D:1      | 0 ||| qw: Do Orc after clearing Dungeon:15 true
     0 | D:1      | 0 ||| qw: Do second Lair branch before Depths: true
     0 | D:1      | 0 ||| qw: Lair rune preference: random
     0 | D:1      | 0 ||| qw: Goals: Normal
     0 | D:1      | 0 ||| PLANNING D:1-11
    93 | D:1      | Reached XP level 2. HP: 16/16 MP: 4/4
    96 | D:1      | Reached skill level 6 in Ranged Weapons
   314 | D:1      | Reached XP level 3. HP: 16/20 MP: 5/5
   461 | D:1      | 461 ||| UPGRADING to +0 ring mail.
   471 | D:1      | 471 ||| DROPPING +0 leather armour.
   472 | D:1      | 472 ||| UPGRADING to +0 cloak.
   477 | D:1      | 477 ||| READING 2 scrolls labelled ECVAKHUBOS.
   477 | D:1      | 477 ||| IDENTIFYING coppery potion
   478 | D:1      | 478 ||| READING scroll of identify.
   478 | D:1      | 478 ||| IDENTIFYING clear potion
   479 | D:1      | 479 ||| READING scroll labelled UPHUSK YFIO.
   580 | D:1      | 580 ||| DROPPING scroll of butterflies.
   581 | D:1      | 581 ||| DROPPING potion of brilliance.
   582 | D:1      | 582 ||| DROPPING potion of ambrosia.
   684 | D:2      | You fall into a shaft and drop 2 floors!
   686 | D:4      | Found Esabuac's Magic Scroll Shoppe.
   689 | D:4      | 689 ||| qw: Version: 0.3-a-160-g6735b56
   689 | D:4      | 689 ||| qw: Game counter: 4815
   689 | D:4      | 689 ||| qw: Melee chars always use a shield: true
   689 | D:4      | 689 ||| qw: God list: Okawaru
   689 | D:4      | 689 ||| qw: Allow faded altars: false
   689 | D:4      | 689 ||| qw: Do Orc after clearing Dungeon:15 true
   689 | D:4      | 689 ||| qw: Do second Lair branch before Depths: true
   689 | D:4      | 689 ||| qw: Lair rune preference: random
   689 | D:4      | 689 ||| qw: Goals: Normal
   689 | D:4      | 689 ||| PLANNING SEWER
   689 | D:4      | 689 ||| SHOPLISTING scroll of enchant weapon (90 gold, have
                  | 29).
   689 | D:4      | 689 ||| BUYING scroll of identify (24 gold).
   689 | D:4      | Bought a scroll of identify for 24 gold pieces
   689 | D:4      | 689 ||| SHOPLISTING scroll of identify (24 gold, have 5).
   703 | D:4      | Noticed a scorpion
   714 | D:4      | Killed a scorpion
   715 | D:4      | Reached skill level 7 in Ranged Weapons
   715 | D:4      | Reached XP level 4. HP: 15/25 MP: 6/6
   796 | D:4      | HP: 1/25 [gnoll/+0 spear (8)]
   796 | D:4      | Slain by a gnoll

Levels and vault maps discovered:
D:1:      minmay_arrival_wavy_path, layout_rooms
D:2:      layout_loops_ring, shapermc_ecumenical_altar_gd
D:4:      layout_rooms, mainiacjoe_overflow_paths, temple_statues,
          gup_sewer_entry_bowl, lightli_ossuary_entry_decrepit_ruins,
          serial_shops, nicolae_shop_rolled_up, uniq_robin

Skill      XL: |  1  2  3 |
---------------+----------+-----
Ranged Weapons | 6 7 |  7.8
Fighting       | |  1.5
Dodging        | |  2.4
Stealth        | |  1.2

Action                     |  1- 3 |  4- 6 || total
---------------------------+-------+-------++-------
   Fire: Shortbow          |    87 |    12 ||    99
    Use: Scroll            |     3 |       ||     3
 Armour: Leather armour    |     6 |       ||     6
         Ring mail         |     5 |     9 ||    14
  Dodge: Dodged            |    24 |     4 ||    28

Table legend:
 A = Non-vault XP
 B = Vault XP
 C = Vault XP percentage of total XP
 D = Non-vault monster count
 E = Vault monster count
 F = Vault count percentage of total count
                 A         B        C        D         E       F
            +---------+---------+-------+---------+---------+-------
      Total |     136 |       0 |   0.0 |      31 |       0 |   0.0
            +---------+---------+-------+---------+---------+-------
        D:1 |      44 |       0 |   0.0 |      24 |       0 |   0.0
        D:2 |       6 |       0 |   0.0 |       3 |       0 |   0.0
        D:4 |      86 |       0 |   0.0 |       4 |       0 |   0.0
            +---------+---------+-------+---------+---------+-------
